 Dungeon Crawl Stone Soup version 0.31.0-12-g77e489cdc1 (webtiles) character file.

Game seed: 16042409678484881676

95 lordive the Ruffian (level 4, -1/40 HPs)
             Began as a Troll Shapeshifter on Feb 29, 2024.
             Slain by a gnoll
             ... wielding a +1 heavy halberd
              (23 damage)
             ... on level 3 of the Dungeon.
             The game lasted 00:01:48 (1593 turns).

lordive the Ruffian (Troll Shapeshifter)            Turns: 1593, Time: 00:01:48

Health: -1/40      AC:  4    Str: 22    XL:     4   Next: 40%
Magic:  3/3        EV: 10    Int:  6    God:
Gold:   154        SH:  0    Dex: 11    Spells: 3/3 levels left

rFire   . .          .
                       - Unarmed
rCold   . . .        (no shield)
rNeg    . . .        a - +0 animal skin
rPois   .            (helmet currently unavailable)
rElec   .            (cloak currently unavailable)
rCorr   .            (gloves unavailable)
SInv    .            (boots unavailable)
Will    .....        (no amulet)
Stlth   +            (no ring)
HPRegen 1.06/turn    (no ring)
MPRegen 0.08/turn

%: no passive effects
@: beast-form
A: beast (slay +2), large, unfitting armour, claws 3, regeneration 1, shaggy fur
1, tough skin 1
a: Begin Untransformation


You were on level 3 of the Dungeon.
You were a hulking beast.
You visited 1 branch of the dungeon, and saw 3 of its levels.

You collected 154 gold pieces.

Inventory:

Armour
 a - a +0 animal skin (worn)
Jewellery
 k - a +6 ring of dexterity
 p - an amulet of reflection
Talismans
 c - a beast talisman
 d - a flux talisman
Scrolls
 e - a scroll of noise {unknown}
 f - 3 scrolls of butterflies {unknown}
 h - a scroll of fear {unknown}
 i - a scroll of fog {unknown}
 j - a scroll of revelation {unknown}
 l - a scroll of enchant weapon {unknown}
 o - 3 scrolls of identify {unknown}
Potions
 b - 2 potions of lignification
 g - a potion of resistance {unknown}
 m - a potion of magic {unknown}
 n - a potion of mutation {unknown}
 q - a potion of cancellation {unknown}


   Skills:
 + Level 0.8 Fighting
 + Level 1.9 Dodging
 + Level 4.1 Unarmed Combat
 * Level 4.0 Shapeshifting


You had 3 spell levels left.
You didn't know any spells.
Your spell library was empty.

Dungeon Overview and Level Annotations

Branches:
Dungeon (3/15)

Altars:
Gozag


Innate Abilities, Weirdness & Mutations

You are a hulking beast.
Your limbs bulge with bestial killing power. (Slay +2)
You are too large for most types of armour.
You have claws for hands.
Your natural rate of healing is unusually fast.
You are covered in fur. (AC +1)
You have tough skin. (AC +1)


Message History

You are too injured to fight recklessly!
You are too injured to fight recklessly!
You are too injured to fight recklessly!
You are too injured to fight recklessly!
You are too injured to fight recklessly!
You are too injured to fight recklessly!
You are too injured to fight recklessly!
You are too injured to fight recklessly!
You are too injured to fight recklessly!
You are too injured to fight recklessly!
You are too injured to fight recklessly!
You are too injured to fight recklessly!
You are too injured to fight recklessly!
You are too injured to fight recklessly!
You are too injured to fight recklessly!
You are too injured to fight recklessly!
You are too injured to fight recklessly!
You are too injured to fight recklessly!
You are too injured to fight recklessly!
You are too injured to fight recklessly!
You are too injured to fight recklessly!
You are too injured to fight recklessly!
You are too injured to fight recklessly!
Unknown command.
You claw the gnoll!
The gnoll is severely wounded.
The gnoll barely misses you.
You scratch the gnoll.
You kill the gnoll!
The gnoll misses you.
Your Unarmed Combat skill increases to level 4!
The gnoll closely misses you.
You see here a +0 spear.
You scratch the gnoll.
The gnoll is lightly wounded.
You closely miss the gnoll.
The gnoll is lightly wounded.
The gnoll hits you with a +1 heavy halberd!!
Ouch! That really hurt!
You die...

####### .......###
.......+.. ######
.......#.#
......#######.......#.##
....................#.##
..................#.##
#..g.....#........##
#h.......######..'
######)######. ####.##
.#......### #....##
..........# #......
.#......#...# #......
######.###.### #.....#
##########.###...#
#.....#
......)...........
+......
.........#.#####..
#.....#


You could see a gnoll.

Vanquished Creatures
  2 gnolls (D:3)
  An adder (D:2)
  2 dart slugs
  2 ribbon worms (D:2)
  3 endoplasms
  5 giant cockroaches
  6 goblins
  3 hobgoblins
  2 jackals (D:1)
  8 kobolds
  2 quokkas
  6 ball pythons
  6 bats
  4 frilled lizards (D:1)
  5 rats
57 creatures vanquished.

Notes
Turn   | Place    | Note
-------+----------+-------------------------------------------
     0 | D:1      | lordive the Troll Shapeshifter began the quest for the Orb.
     0 | D:1      | Reached XP level 1. HP: 18/18 MP: 0/0
   121 | D:1      | Reached XP level 2. HP: 26/26 MP: 1/1
   413 | D:1      | Found an opulent altar of Gozag.
   473 | D:2      | Reached XP level 3. HP: 32/32 MP: 2/2
  1384 | D:3      | Reached XP level 4. HP: 40/40 MP: 3/3
  1593 | D:3      | Slain by a gnoll

Illustrated notes

Levels and vault maps discovered:
D:1:      dpeg_arrival_water_altar, layout_rooms
D:2:      layout_loops_corners
D:3:      layout_basic, ebering_ecumenical_altar_webs, minmay_circle_x

Skill      XL: |  1  2  3  4 |
---------------+-------------+-----
Shapeshifting  | 4 |  4.0
Unarmed Combat | 4 |  4.1
Fighting       | |  0.8
Dodging        | |  1.9

Action                     |  1- 3 |  4- 6 || total
---------------------------+-------+-------++-------
  Melee: Unarmed           |   108 |    24 ||   132
         Punch             |     1 |     2 ||     3
   Stab: Sleeping          |     1 |       ||     1
 Armour: Animal skin       |    78 |    18 ||    96
  Dodge: Dodged            |    46 |    17 ||    63
